 Dungeon Crawl Stone Soup version 0.29-a0-872-g797fff5ad1 (webtiles) character file.

Game seed: 15379729877747028083

5301 kyyface the Basher (level 10, -4/91 HPs)
             Began as a Minotaur Berserker on July 19, 2022.
             Was an Elder of Trog.
             Succumbed to their own poison gas
             ... on level 11 of the Dungeon.
             The game lasted 00:50:01 (9197 turns).

kyyface the Basher (Minotaur Berserker)             Turns: 9197, Time: 00:50:01

Health: -4/91      AC: 12    Str: 27    XL:     10   Next: 37%
Magic:  9/9        EV: 10    Int:  4    God:    Trog [****..]
Gold:   647        SH:  0    Dex:  9    Spells: 9/9 levels left

rFire   + . .      SeeInvis .   Q - +3 dire flail (freeze)
rCold   . . .      Faith    .   (shield currently unavailable)
rNeg    . . .      Spirit   .   o - +0 chain mail
rPois   .          Reflect  .   (helmet restricted)
rElec   .          Harm     .   (no cloak)
rCorr   .          Rampage  .   (no gloves)
Will    .....                   n - +0 pair of boots
Stlth   ..........              (no amulet)
HPRegen 0.25/turn               c - +4 ring of slaying
MPRegen 0.11/turn               G - ring of protection from fire

@: lethally poisoned (-4 -> -80), weak-willed
A: horns 2, retaliatory headbutt
a: Renounce Religion, Berserk, Trog's Hand, Brothers in Arms


You were on level 11 of the Dungeon.
You worshipped Trog.
Trog was greatly pleased with you.
You visited 1 branch of the dungeon, and saw 11 of its levels.

You collected 647 gold pieces.

Inventory:

Hand Weapons
 t - a +4 dire flail
 Q - a +3 dire flail of freezing (weapon)
Missiles
 e - 11 silver boomerangs (quivered)
 g - 3 throwing nets
Armour
 n - a +0 pair of boots (worn)
 o - a +0 chain mail (worn)
Jewellery
 c - a +4 ring of slaying (left hand)
 r - a ring of poison resistance
 G - a ring of protection from fire (right hand)
 L - a ring of poison resistance
Wands
 f - a wand of digging (6)
 A - a wand of acid (6)
 M - a wand of flame (18)
Scrolls
 h - 4 scrolls of immolation
 j - a scroll of poison
 p - a scroll of magic mapping {unknown}
 q - 9 scrolls of identify {unknown}
 s - 2 scrolls of fear {unknown}
 w - a scroll of teleportation {unknown}
 y - 2 scrolls of amnesia {unknown}
 C - 2 scrolls of torment {unknown}
 D - 6 scrolls of enchant armour {unknown}
 H - 2 scrolls of brand weapon {unknown}
 I - 2 scrolls of enchant weapon {unknown}
Potions
 d - 5 potions of haste {unknown}
 i - 2 potions of mutation {unknown}
 m - a potion of ambrosia {unknown}
 u - 2 potions of lignification {unknown}
 v - 12 potions of curing {unknown}
 x - 4 potions of brilliance {unknown}
 z - a potion of magic {unknown}
 B - a potion of resistance {unknown}
 E - 2 potions of berserk rage {unknown}
 F - a potion of might {unknown}
 N - 3 potions of degeneration
 O - 3 potions of attraction {unknown}


   Skills:
 + Level 9.1 Fighting
 + Level 9.7(10.9) Maces & Flails
 + Level 7.9(10.1) Staves
 + Level 3.8 Throwing
 + Level 9.0 Armour
 + Level 4.7 Dodging
 + Level 2.0 Stealth


You had 9 spell levels left.
You didn't know any spells.
Your spell library contained the following spells:

 Spells                   Type           Power      Damage    Failure   Level
 Sublimation of Blood     Necr           0%         N/A       99%         2
 Wereblood                Tmut           0%         N/A       99%         2
 Ozocubu's Armour         Ice            0%         N/A       100%        3
 Ozocubu's Refrigeration  Ice            0%         4d5       100%        7
 Summon Hydra             Summ           0%         N/A       100%        7


Dungeon Overview and Level Annotations

Branches:
Dungeon (11/15)            Temple (0/1) D:6             Orc (0/2) D:9
   Lair: D:8-11

Altars:
Hepliaklqana
Wu Jian

Shops:
D:4 [([


Innate Abilities, Weirdness & Mutations

You have a pair of horns on your head.
You reflexively headbutt those who attack you in melee.


Message History

[Y]es or [N]o only, please.
Really walk into that cloud of poison gas?
Uppercase [Y]es or [N]o only, please.
Really walk into that cloud of poison gas? [Y]es or [N]o only, please.
Really walk into that cloud of poison gas?
Uppercase [Y]es or [N]o only, please.
Really walk into that cloud of poison gas? [Y]es or [N]o only, please.
Really walk into that cloud of poison gas?
Uppercase [Y]es or [N]o only, please.
Really walk into that cloud of poison gas? [Y]es or [N]o only, please.
Really walk into that cloud of poison gas?
Uppercase [Y]es or [N]o only, please.
Really walk into that cloud of poison gas? [Y]es or [N]o only, please.
Really walk into that cloud of poison gas?
You are engulfed in poison gas.
You are poisoned.
You feel very sick.
You are engulfed in poison gas.
You are more poisoned.
You feel extremely sick.
You're standing in a cloud of poison gas!
You are engulfed in poison gas.
You are more poisoned.
You feel extremely sick.
You're standing in a cloud of poison gas!
You are engulfed in poison gas.
You are lethally poisoned!
You feel extremely sick.
You're standing in a cloud of poison gas!
You are engulfed in poison gas.
You are more poisoned.
* * * LOW HITPOINT WARNING * * *
You feel extremely sick.
You're standing in a cloud of poison gas!
Found 4 stones.
You are engulfed in poison gas.
You are more poisoned.
* * * LOW HITPOINT WARNING * * *
You die...

#............#
#............#
+.....[....... ##.
#.............
(..########.....########
...............[#.......
................#....<..
.......○§§....§§#.....##
.......@§..§.§§§#.....#.
.......§§§..§§§§#.....#.
..######§..§§§§.#.....#.
#☼§...§§.#.....#.
#§§§§.§..#.....##
#§☼§§§○§§#.......
#.○☼§☼§☼§#.......
#§○☼§§§§§§#.######
####☼§○§☼##.


There were no monsters in sight!

Vanquished Creatures
  2 trolls (D:9)
  Grinder (D:4)
  Prince Ribbit (D:9)
  A wraith (D:10)
  A shadow (D:11)
  A wyvern (D:10)
  A steam dragon (D:9)
  An acid dragon (D:10)
  A water moccasin (D:6)
  An orc warrior (D:7)
  Duvessa (D:4)
  2 black bears
  An ice beast (D:6)
  2 sky beasts
  An ogre (D:4)
  5 centaurs
  5 kobold brigands
  2 bullfrogs
  A gnoll sergeant (D:6)
  2 necrophages
  2 scorpions
  11 wights
  Dowan (D:4)
  3 electric eels (D:9)
  4 howler monkeys
  6 hounds
  A jelly (D:7)
  Crazy Yiuf (D:4)
  3 orc priests
  Ijyb (D:4)
  Natasha (D:4)
  6 iguanas
  7 orc wizards
  5 gnolls (D:6)
  8 adders
  A shadow imp (D:8)
  A worm (D:2)
  16 orcs
  4 endoplasms
  A giant cockroach (D:4)
  4 goblins
  8 hobgoblins
  6 jackals
  3 quokkas
  9 ball pythons
  3 bats
  A frilled lizard (D:2)
  24 kobolds
  5 rats
  A plant (D:9)
180 creatures vanquished.

Vanquished Creatures (others)
  2 kobolds (D:9)
  14 plants (D:9)
16 creatures vanquished.

Grand Total: 196 creatures vanquished

Notes
Turn   | Place    | Note
-------+----------+-------------------------------------------
     0 | D:1      | kyyface the Minotaur Berserker began the quest for the Orb.
     0 | D:1      | Reached XP level 1. HP: 19/19 MP: 0/0
   159 | D:1      | Reached XP level 2. HP: 23/27 MP: 1/1
   535 | D:1      | Reached ** piety under Trog
   813 | D:2      | Reached XP level 3. HP: 34/34 MP: 2/2
  1295 | D:2      | Found a faded altar of an unknown god.
  1577 | D:3      | You fall into a shaft and drop 1 floor!
  1592 | D:4      | Noticed Grinder
  1596 | D:4      | Paralysed by Grinder for 5 turns
  1605 | D:4      | Killed Grinder
  1606 | D:4      | Reached skill level 5 in Fighting
  1606 | D:4      | Reached XP level 4. HP: 27/42 MP: 3/3
  1606 | D:4      | Reached XP level 5. HP: 31/48 MP: 4/4
  1624 | D:4      | Noticed an ogre
  1633 | D:4      | Killed an ogre
  1634 | D:4      | Reached XP level 6. HP: 20/56 MP: 5/5
  1848 | D:4      | Found Mesioco's Antique Armour Shoppe.
  1867 | D:4      | Noticed Duvessa
  1876 | D:4      | Noticed Dowan
  1882 | D:4      | Killed Duvessa
  1887 | D:4      | Killed Dowan
  2215 | D:4      | Reached XP level 7. HP: 43/61 MP: 6/6
  2391 | D:4      | Reached skill level 1 in Throwing
  2398 | D:4      | Found Gysi's Weapon Emporium.
  2440 | D:4      | Found Pailapuc's Antique Armour Boutique.
  2600 | D:4      | Noticed Ijyb
  2604 | D:4      | Killed Ijyb
  2641 | D:4      | Noticed Natasha
  2648 | D:4      | Killed Natasha
  2650 | D:4      | Reached *** piety under Trog
  2861 | D:4      | Found a runed translucent door.
  2862 | D:4      | Noticed Crazy Yiuf
  2867 | D:4      | Killed Crazy Yiuf
  2998 | D:5      | Entered Level 5 of the Dungeon
  3070 | D:5      | Reached skill level 5 in Armour
  3095 | D:5      | Reached skill level 1 in Stealth
  3328 | D:5      | Reached skill level 1 in Staves
  3328 | D:5      | Reached XP level 8. HP: 69/70 MP: 7/7
  3897 | D:6      | Found a staircase to the Ecumenical Temple.
  4283 | D:7      | Reached **** piety under Trog
  4291 | D:7      | Reached skill level 5 in Staves
  4376 | D:7      | Reached XP level 9. HP: 8/78 MP: 8/8
  5275 | D:7      | Found a hazy altar of Hepliaklqana.
  5977 | D:8      | Found an ornate altar of the Wu Jian Council.
  6062 | D:8      | Reached ***** piety under Trog
  6456 | D:9      | Noticed a troll
  6471 | D:9      | Killed a troll
  6675 | D:9      | Reached XP level 10. HP: 41/90 MP: 9/9
  7271 | D:9      | Noticed Prince Ribbit
  7276 | D:9      | Killed Prince Ribbit
  7292 | D:9      | Found a staircase to the Orcish Mines.
  8005 | D:10     | Entered Level 10 of the Dungeon
  9197 | D:11     | Succumbed to their own poison gas

Illustrated notes

Levels and vault maps discovered:
D:1:      tarquinn_simple_flora_water_d, layout_basic
D:2:      layout_loops_cross, chequers_ecumenical_altar_simple
D:3:      layout_loops_corners, gammafunk_ghost_arena, serial_park_tiny_pond,
          moated_statue, uniq_sigmund
D:4:      layout_loops_cross, serial_shops,
          nicolae_shop_temple_entry_statues_fountains,
          nicolae_shop_advertising_works [nicolae_subvault_shop_adworks], shop,
          uniq_ijyb, uniq_grinder, uniq_natasha, uniq_duvessa,
          uniq_crazy_yiuf_cottage
D:5:      nicolae_cairo_tiling_large_dashed, layout_rooms
D:6:      layout_basic, temple_doors_e
D:7:      layout_basic, mainiacjoe_overflow_alcove_2
D:8:      layout_loops_cross, nicolae_wu_jian_glorious_leap
D:9:      layout_irregular_city, david_orc_3, serial_bayou, serial_bayou_pond_c,
          serial_bayou_ford_a, serial_bayou_shore_a, serial_bayou_pond_a,
          blue_anna_alchemist, uniq_prince_ribbit1
D:10:     layout_stronghold
D:11:     layout_irregular_city, lair_entry_dummy, uniq_erolcha

Skill      XL: |  1  2  3  4  5  6  7  8  9 10 |
---------------+-------------------------------+-----
Maces & Flails | 4 6 7 8 9 |  9.7
Fighting       | 4 5 6 8 9 |  9.1
Armour         | 3 4 5 6 8 9 |  9.0
Dodging        | 3 4 |  4.7
Throwing       | 2 3 |  3.8
Stealth        | 1 2 |  2.0
Staves         | 1 5 7 |  7.9

Action                   |  1- 3 |  4- 6 |  7- 9 | 10-12 || total
-------------------------+-------+-------+-------+-------++-------
Melee: Mace              |    68 |    21 |    40 |       ||   129
       Headbutt          |     7 |     4 |    42 |    15 ||    68
       Quarterstaff      |       |       |   137 |       ||   137
       Dire flail        |       |       |    46 |    70 ||   116
Throw: Boomerang         |     1 |     8 |    31 |       ||    40
  Use: Potion            |       |       |     4 |       ||     4
       Scroll            |       |       |       |     7 ||     7
 Stab: Sleeping          |     1 |       |       |       ||     1
Armor: Animal skin       |     5 |       |       |       ||     5
       Ring mail         |    15 |     5 |    48 |       ||    68
       Chain mail        |       |       |    62 |    17 ||    79
Dodge: Dodged            |    35 |     7 |   124 |    15 ||   181

Table legend: (Time is in decaauts)
 A = Elapsed time spent in this place.
 B = Non-inter-level travel time spent in this place.
 C = Inter-level travel time spent in this place.
 D = Time resting spent in this place.
 E = Time spent auto-exploring this place.
 F = Levels seen in this place.
 G = Mean time per level.
                   A        B        C        D        E       F      G
               +--------+--------+--------+--------+--------+-----+--------+
         Total |   9221 |   9221 |      0 |   2129 |   1902 |  11 |  838.3 |
       Dungeon |   9221 |   9221 |      0 |   2129 |   1902 |  11 |  838.3 |
               +--------+--------+--------+--------+--------+-----+--------+

Top non-repeatable levels by time:
     D:9: 1585 daAuts
     D:4: 1427 daAuts
     D:7: 1318 daAuts
    D:10: 1109 daAuts
     D:8: 888 daAuts
     D:1: 817 daAuts
     D:6: 698 daAuts
     D:2: 694 daAuts
     D:5: 524 daAuts
    D:11: 81 daAuts
     D:3: 76 daAuts
